 Dungeon Crawl Stone Soup version 0.17-a0-1141-g3e25b61 (webtiles) character file.

5586 vonhedlund the Archer (level 10, 0/63 HPs)
             Began as a High Elf Hunter on May 24, 2015.
             Was a Priest of Okawaru.
             Killed by divine providence
             ... invoked by an orc priest
              (11 damage)
             ... on level 1 of the Orcish Mines on May 26, 2015.
             The game lasted 02:30:23 (15523 turns).

vonhedlund the Archer (High Elf Hunter)            Turns: 15523, Time: 02:30:23

Health: 0/63       AC:  6    Str: 11    XL:     10   Next: 45%
Magic:  11/11      EV: 19    Int: 15    God:    Okawaru [***...]
Gold:   500        SH:  0    Dex: 20    Spells: 0 memorised, 9 levels left

rFire  . . .     SeeInvis +     a - +1 dagger (venom)
rCold  . . .     Clarity  .     d - +1 leather armour
rNeg   . . .     SustAt   .     (no shield)
rPois  +         Gourm    .     o - +0 helmet
rElec  .         Spirit   .     f - +0 cloak
rCorr  .         Warding  .     (no gloves)
rMut   .         Stasis   .     (no boots)
MR     +....                    (no amulet)
Stlth  ++++......               l - ring of see invisible
                                L - ring of poison resistance

@: somewhat resistant to hostile enchantments, stealthy
A: no striking features
a: Heroism, Renounce Religion


You were on level 1 of the Orcish Mines.
You worshipped Okawaru.
Okawaru was most pleased with you.
You were not hungry.

You visited 2 branches of the dungeon, and saw 12 of its levels.
You also visited: Ossuary.

You collected 760 gold pieces.
You spent 260 gold pieces at shops.

Inventory:

Hand weapons
 a - a +1 dagger of venom (weapon)
 b - a +1 shortbow
 m - a +0 hunting sling
 T - a +3 falchion
 U - a +1 falchion of holy wrath
Missiles
 c - 39 arrows
 n - 17 sling bullets
 v - 15 poisoned needles
 V - 8 arrows of flame
 W - 4 tomahawks (quivered)
Armour
 d - a +1 leather armour (worn)
 f - a +0 cloak (worn)
 o - a +0 helmet (worn)
 M - a +0 buckler
Jewellery
 l - a ring of see invisible (right hand)
 L - a ring of poison resistance (left hand)
Magical devices
 k - a wand of lightning (9)
 x - a wand of slowing (30)
 N - a wand of lightning (7)
 R - a wand of paralysis (5)
 S - a wand of magic darts (20)
Scrolls
 h - a scroll of amnesia
 p - a scroll of teleportation {unknown}
 q - 4 scrolls of identify
 t - a scroll of noise
 w - 5 scrolls of enchant weapon
 y - 2 scrolls of remove curse
 A - a scroll of random uselessness {unknown}
 B - a scroll of fear {unknown}
 C - 3 scrolls of immolation
 D - a scroll of blinking {unknown}
 E - 6 scrolls of recharging
 G - 2 scrolls of enchant armour
 O - a scroll of acquirement {unknown}
Potions
 g - a potion of curing
 i - a potion of brilliance {unknown}
 j - a potion of magic {unknown}
 r - a potion of flight {unknown}
 s - a potion of heal wounds
 z - a potion of cancellation {unknown}
 F - 2 potions of might
 H - a potion of degeneration {unknown}
 I - a potion of agility {unknown}
 J - a potion of poison {unknown}
 Q - a potion of haste {unknown}
Comestibles
 e - 5 bread rations
 u - 5 meat rations
 K - 18 fruits
 P - 2 chunks of flesh


   Skills:
 - Level 4.1 Fighting
 - Level 1.3(6.6) Short Blades
 - Level 10.2 Long Blades
 - Level 10.4 Bows
 * Level 9.5 Dodging
 + Level 7.3 Stealth


You had 9 spell levels left.
You didn't know any spells.

Dungeon Overview and Level Annotations

Branches:
Dungeon (10/15)            Temple (0/1) D:7            Lair (0/8) D:8
    Orc (2/4) D:9

Altars:
Cheibriados
Elyvilon
Okawaru
Ru
Sif Muna
Vehumet
Xom
Zin
Beogh

Shops:
D:8 =

Annotations:
D:4 Pikel; onwiheg's ghost, experienced FoFi
D:6 Grinder


Message History

There is a stone staircase leading down here.
You hit the orc priest.
The orc priest is poisoned.
The orc priest is lightly wounded.
You hit the orc priest but do no damage.
The orc priest looks even sicker.
The orc priest is lightly wounded.
The orc priest hits you but does no damage.
You closely miss the orc priest.
The orc priest is lightly wounded.
The orc priest hits you with an enchanted hand axe.
You closely miss the orc priest.
The orc priest is lightly wounded.
You see here a club.
The orc priest invokes the aid of Beogh against you.
Something smites you!
* * * LOW HITPOINT WARNING * * *
There is a stone staircase leading down here.
The orc priest calls down the wrath of Beogh upon you.
Something smites you!
You die...

#...# ##.###
##....##
#......# ###
#....).##
##.###..#....##
#<..#...#.....#
##)#.[####....#
##>@o..#...###
#....)....#
##.##(....#
###.....##
#....####
####..#..#.#
#....###...##
#..)#####...#
###
#....##.O..##


You could see an orc priest.

Vanquished Creatures
  Sigmund (D:3)
  Eustachio (D:4)
  A warg (Orc:1)
  Edmund (D:6)
  6 orc warriors
  2 phantoms
  A wasp (D:8)
  3 ice beasts
  A slave (D:4)
  A centaur (D:9)
  4 ogres
  A big kobold (D:8)
  2 elf zombies (Ossuary)
  5 giant frogs
  6 scorpions
  12 killer bees
  9 wights
  2 crimson imps
  A giant frog zombie (D:10)
  A giant frog skeleton (D:4)
  2 iguanas
  A jelly (D:6)
  3 centaur zombies
  A human zombie (Ossuary)
  A centaur skeleton (D:8)
  3 hounds
  15 orc priests
  4 worker ants
  9 orc wizards
  A big kobold zombie (Ossuary)
  A hound skeleton (D:9)
  A hound zombie (D:6)
  A mummy (Ossuary)
  3 worker ant zombies
  Robin (D:3)
  A gnoll (D:1)
  A shadow imp (D:8)
  8 adders
  2 oozes (D:2)
  4 worms
  3 adder skeletons
  2 adder zombies (Ossuary)
  5 giant geckos
  85 orcs
  7 bats
  A bat skeleton (D:6)
  A bat zombie (D:6)
  4 giant cockroaches
  35 goblins
  23 hobgoblins
  4 jackals (D:1)
  2 ball pythons
  5 giant newts
  2 goblin zombies
  10 hobgoblin zombies (Ossuary)
  2 jackal zombies (Ossuary)
  24 kobolds
  10 kobold zombies (Ossuary)
  7 orc zombies (Ossuary)
  16 rats
  A rat zombie (D:7)
373 creatures vanquished.

Notes
Turn   | Place    | Note
--------------------------------------------------------------
     0 | D:1      | vonhedlund the High Elf Hunter began the quest for the Orb.
     0 | D:1      | Reached XP level 1. HP: 14/14 MP: 2/2
   280 | D:1      | Reached XP level 2. HP: 14/19 MP: 3/3
   354 | D:1      | Reached skill level 1 in Short Blades
   518 | D:1      | Reached XP level 3. HP: 5/24 MP: 4/4
  1685 | D:2      | Reached XP level 4. HP: 28/31 MP: 5/5
  1803 | D:2      | Upgraded the game from 0.17-a0-1129-g5854844 to 0.17-a0-1133-gfb1399f
  2120 | D:3      | Noticed Robin
  2201 | D:3      | Noticed Sigmund
  2646 | D:3      | Killed Robin
  2792 | D:4      | Reached XP level 5. HP: 37/37 MP: 6/6
  2840 | D:4      | Reached skill level 1 in Long Blades
  2984 | D:4      | Noticed onwiheg's ghost (experienced FoFi)
  3173 | D:4      | Noticed Pikel
  3173 | D:4      | Noticed a slave
  3173 | D:4      | Noticed a slave
  3174 | D:4      | Noticed a slave
  3197 | D:3      | Reached XP level 6. HP: 15/43 MP: 7/7
  3607 | D:4      | Noticed Eustachio
  3634 | D:5      | Entered Level 5 of the Dungeon
  3923 | D:5      | Found a sacrificial altar of Ru.
  3923 | D:5      | Found a snail-covered altar of Cheibriados.
  3924 | D:5      | Found a radiant altar of Vehumet.
  4495 | D:5      | Reached skill level 6 in Bows
  4495 | D:5      | Reached XP level 7. HP: 48/48 MP: 8/8
  5232 | D:6      | Noticed Grinder
  5301 | D:6      | Reached skill level 5 in Dodging
  5332 | D:6      | Reached skill level 7 in Bows
  5663 | D:6      | Reached skill level 8 in Bows
  5685 | D:6      | Reached XP level 8. HP: 30/54 MP: 9/9
  5722 | D:7      | Found a sand-covered staircase.
  5749 | Ossuary  | Entered an ossuary
  6227 | Ossuary  | Reached skill level 5 in Long Blades
  7147 | D:8      | HP: 2/54 [poisoned by a wasp]
  7470 | D:8      | Found an iron altar of Okawaru.
  7519 | D:8      | Became a worshipper of Warmaster Okawaru
  7816 | D:8      | Found Neuprie's Jewellery Emporium.
  7829 | D:8      | Bought an uncursed ring of poison resistance for 260 gold pieces
  7943 | D:7      | Found a glowing silver altar of Zin.
  7981 | D:7      | Reached skill level 9 in Bows
  8093 | D:6      | Noticed Edmund
  8455 | D:6      | Reached XP level 9. HP: 52/58 MP: 10/10
  8558 | D:6      | Killed Edmund
  8558 | D:6      | Acquired Okawaru's first power
  8985 | D:4      | Killed Eustachio
  8985 | D:4      | Reached skill level 10 in Bows
  9029 | D:4      | Noticed an ogre
  9043 | D:4      | Killed an ogre
  9065 | D:4      | Killed a slave
 10108 | D:7      | Upgraded the game from 0.17-a0-1133-gfb1399f to 0.17-a0-1141-g3e25b61
 10377 | D:7      | Found a staircase to the Ecumenical Temple.
 10556 | D:8      | Found a staircase to the Lair.
 10556 | D:8      | Noticed an elephant
 10724 | D:8      | Reached skill level 5 in Stealth
 10804 | D:9      | Found a white marble altar of Elyvilon.
 11088 | D:9      | Found a shimmering altar of Xom.
 11088 | D:9      | Found a shimmering altar of Xom.
 11088 | D:9      | Found a shimmering altar of Xom.
 11315 | D:9      | Found a shimmering altar of Xom.
 11315 | D:9      | Found a shimmering altar of Xom.
 11320 | D:9      | Found a shimmering altar of Xom.
 11613 | D:9      | Reached skill level 10 in Long Blades
 11893 | D:9      | Reached XP level 10. HP: 22/63 MP: 11/11
 12311 | D:7      | Found a deep blue altar of Sif Muna.
 12592 | D:3      | Killed Sigmund
 13029 | D:9      | Found a roughly hewn altar of Beogh.
 13029 | D:9      | Found a staircase to the Orcish Mines.
 13629 | D:10     | Entered Level 10 of the Dungeon
 13644 | D:10     | Noticed a centaur warrior
 14021 | Orc:1    | Entered Level 1 of the Orcish Mines
 14688 | Orc:1    | HP: 2/63 [orc priest/divine providence (15)]
 15233 | Orc:2    | Found a roughly hewn altar of Beogh.
 15523 | Orc:1    | Killed from afar by an orc priest

Vault maps used:
D:1:      eino_arrival_water_star
D:3:      hangedman_decor_growths, kennysheep_generic_room_4, uniq_robin,
          uniq_sigmund
D:4:      uniq_eustachio, uniq_pikel
D:5:      gammafunk_temple_overflow_forgotten, first_bread,
          minmay_strange_pillars, roderic_lattice_a
D:6:      st_stairs_6, uniq_grinder, uniq_edmund
D:7:      kennysheep_orc_sif_temple, nicolae_overflow_hidden_temple,
          minmay_temple_entry_glassed_door, enter_ossuary_3
D:8:      okawaru_gym_becter, david_lair_generic, serial_shops,
          nicolae_shop_behind_doors, blue_anna_alchemist, minmay_misc_feat_rows
D:9:      elyvilon_altar_5, xom_shifter_show, david_orc_5
D:10:     nicolae_trove_entry_path_of_doom
Orc:1:    uniq_maurice
Orc:2:    basic_altar, uniq_nergalle
Ossuary:  ossuary_tomb_1

Action                   |  1- 3 |  4- 6 |  7- 9 | 10-12 || total
-------------------------+-------+-------+-------+-------++-------
Melee: Short sword       |   152 |       |       |       ||   152
       Dagger            |    28 |   233 |   484 |   384 ||  1129
       Falchion          |       |     5 |   406 |    38 ||   449
       Long sword        |       |       |    10 |       ||    10
 Fire: Shortbow          |    23 |    24 |   139 |     1 ||   187
Throw: Tomahawk          |       |       |       |     1 ||     1
Evoke: Wand              |       |     2 |     4 |     2 ||     8
  Use: Scroll            |       |     2 |    13 |       ||    15
       Potion            |       |       |     6 |       ||     6
 Stab: Sleeping          |       |     6 |     3 |     3 ||    12
       Distracted        |       |       |     1 |     2 ||     3
  Eat: Chunk             |     1 |     9 |    13 |     5 ||    28
       Pizza             |     1 |       |     2 |       ||     3
       Fruit             |       |       |     4 |     2 ||     6
       Meat ration       |       |       |     1 |     1 ||     2
